 Dungeon Crawl Stone Soup version 0.29.0-4-gdea44cf6ec (webtiles) character file.

Game seed: 7892594288240668442

16 qw the Chopper (level 2, 0/17 HPs)
             Began as a Tengu Warper on Aug 28, 2022.
             Succumbed to their own poison gas
             ... on level 1 of the Dungeon.
             The game lasted 00:00:04 (925 turns).

qw the Chopper (Tengu Warper)                        Turns: 925, Time: 00:00:05

Health: 0/17       AC:  9    Str: 11    XL:     2   Next: 54%
Magic:  6/6        EV:  5    Int: 13    God:
Gold:   19         SH:  0    Dex: 13    Spells: 5/5 levels left

rFire   . . .      SeeInvis .   Y - +0 hand axe
rCold   . . .      Faith    .   (no shield)
rNeg    . . .      Spirit   .   i - +0 chain mail
rPois   .          Reflect  .   (helmet restricted)
rElec   .          Harm     .   (no cloak)
rCorr   .          Rampage  .   f - +0 pair of gloves
Will    .....                   (boots unavailable)
Stlth   ..........              (no amulet)
HPRegen 0.05/turn               (no ring)
MPRegen 0.10/turn               (no ring)

@: lethally poisoned (0 -> -7)
A: beak, talons 3
a: no special abilities


You were on level 1 of the Dungeon.
You visited 1 branch of the dungeon, and saw 1 of its levels.

You collected 19 gold pieces.


Innate Abilities, Weirdness & Mutations

You have a beak for a mouth.
You have claws for feet.


   Skills:
 - Level 2.0 Fighting
 + Level 3.4 Axes
 - Level 1.0 Throwing
 - Level 1.1 Armour
 - Level 2.1 Dodging
 - Level 2.0 Spellcasting
 - Level 2.4 Translocations


You had 5 spell levels left.
You didn't know any spells.
Your spell library contained the following spells:

 Spells                   Type           Power      Damage    Failure   Level
 Blink                    Tloc           14%        N/A       100%        2
 Gell's Gravitas          Tloc           7%         N/A       100%        3
 Lesser Beckoning         Tloc           7%         N/A       100%        3
 Teleport Other           Tloc           7%         N/A       100%        3
 Manifold Assault         Tloc           7%         N/A       100%        5

Inventory:

Hand Weapons
 k - a +0 club
 Y - a +0 hand axe (weapon)
Armour
 f - a +0 pair of gloves (worn)
 i - a +0 chain mail (worn)
Potions
 g - a potion of mutation {unknown}
 h - a potion of ambrosia {unknown}

Dungeon Overview and Level Annotations

Branches:
Dungeon (1/15)

Altars:


Message History

You start waiting.
Your surroundings suddenly seem different.
Done exploring.
917 ||| READING scroll labelled IHEUT CIXEICA.
The air fills with toxic fumes!
As you read the scroll labelled IHEUT CIXEICA, it crumbles to dust.
It was a scroll of poison.
Done exploring.
918 ||| READING scroll labelled BUT OSSUMA.
As you read the scroll labelled BUT OSSUMA, it crumbles to dust.
The air around you briefly surges with heat, but it dissipates.
It was a scroll of immolation.
Done exploring.
919 ||| READING scroll labelled AFYRAU YSADUIM.
As you read the scroll labelled AFYRAU YSADUIM, it crumbles to dust.
You feel momentarily disoriented.
It was a scroll of magic mapping.
Done exploring.
920 ||| READING scroll labelled MESIGRURITOI.
As you read the scroll labelled MESIGRURITOI, it crumbles to dust.
It is a scroll of identify.
Really abort (and waste the scroll)?
Done exploring.
921 ||| DROPPING scroll of blinking.
You drop a scroll of blinking.
Done exploring.
(D) Dungeon
Where to? (* - list waypoints, ? - help)
What level of the Dungeon? (default 1, ? - help) Sorry, I don't know how to get there.
Done exploring.
922 ||| Stepping randomly (stuck).
Really walk into that cloud of poison gas?
You are engulfed in poison gas.
You are poisoned.
You feel very sick.
923 ||| Stepping ~*~*~tactically~*~*~ (cloud).
You feel very sick.
You see here a scroll of blinking.
There is a lethal amount of poison in your body!
You feel sick.
There is a lethal amount of poison in your body!
You die...

# #......# #.......# #....... #
#......# #.......# ###¤~~~~
######...<# #.......# ######
..##......# #.####### .###......#
#.¤######### .# #.#.####
##¤#.¤0¤¤..######## .# #......#
####¤#¤00¤¤.......... .# #......#
#0¤¤¤¤00¤¤¤.......... .####..##.#
#¤¤¤@¤¤¤0##.......... ..##......#
#¤¤¤0¤0¤0##..........
.###......###¤¤¤¤¤¤¤0##.)........
..###..#####00¤¤¤¤00¤##..........
..##......##0¤¤¤¤0¤0¤########....
..####..####¤0¤¤¤¤¤¤0##### #....
.......## #¤¤¤¤¤¤¤¤¤¤...# #....
..###### #¤¤¤0000¤¤¤¤..#######.
..# #............%#.......


There were no monsters in sight!

Vanquished Creatures
  2 dart slugs (D:1)
  A ball python (D:1)
  A hobgoblin (D:1)
  3 jackals (D:1)
  A bat (D:1)
  A frilled lizard (D:1)
  2 kobolds (D:1)
11 creatures vanquished.

Notes
Turn   | Place    | Note
-------+----------+-------------------------------------------
     0 | D:1      | qw the Tengu Warper began the quest for the Orb.
     0 | D:1      | Reached XP level 1. HP: 12/12 MP: 4/4
     0 | D:1      | 0 ||| qw: Version: 0.1-a-89-g26bdef1
     0 | D:1      | 0 ||| qw: Game counter: 1022
     0 | D:1      | 0 ||| qw: Always use a shield: true
     0 | D:1      | 0 ||| qw: God list: Okawaru
     0 | D:1      | 0 ||| qw: Allow faded altars: false
     0 | D:1      | 0 ||| qw: Do Orc after D:15 true
     0 | D:1      | 0 ||| qw: Do second Lair branch before Depths: true
     0 | D:1      | 0 ||| qw: Lair rune preference: random
     0 | D:1      | 0 ||| qw: Plans: Normal
     0 | D:1      | 0 ||| PLANNING D:1-11
   235 | D:1      | Reached skill level 3 in Axes
   235 | D:1      | Reached XP level 2. HP: 7/17 MP: 6/6
   438 | D:1      | 438 ||| Stepping ~*~*~tactically~*~*~ (stealth).
   440 | D:1      | 440 ||| Stepping ~*~*~tactically~*~*~ (stealth).
   442 | D:1      | 442 ||| Stepping ~*~*~tactically~*~*~ (stealth).
   443 | D:1      | 443 ||| Stepping ~*~*~tactically~*~*~ (stealth).
   445 | D:1      | 445 ||| Stepping ~*~*~tactically~*~*~ (stealth).
   447 | D:1      | 447 ||| Stepping ~*~*~tactically~*~*~ (hiding).
   896 | D:1      | 896 ||| UPGRADING to +0 pair of gloves.
   901 | D:1      | 901 ||| UPGRADING to +0 chain mail.
   911 | D:1      | 911 ||| DROPPING +0 leather armour.
   912 | D:1      | 912 ||| READING scroll labelled DUNOILA DOUCE.
   917 | D:1      | 917 ||| READING scroll labelled IHEUT CIXEICA.
   918 | D:1      | 918 ||| READING scroll labelled BUT OSSUMA.
   919 | D:1      | 919 ||| READING scroll labelled AFYRAU YSADUIM.
   920 | D:1      | 920 ||| READING scroll labelled MESIGRURITOI.
   921 | D:1      | 921 ||| DROPPING scroll of blinking.
   922 | D:1      | 922 ||| Stepping randomly (stuck).
   923 | D:1      | 923 ||| Stepping ~*~*~tactically~*~*~ (cloud).
   923 | D:1      | HP: 3/17 [poisoned by you (poison gas)]
   925 | D:1      | Succumbed to their own poison gas

Levels and vault maps discovered:
D:1:      dpeg_arrival_ternary, layout_basic, amcnicky_mini_rare_corridor_liquid

Skill      XL: |  1 |
---------------+----+-----
Axes           | 3 |  3.4
Fighting       | |  2.0
Throwing       | |  1.0
Armour         | |  1.1
Dodging        | |  2.1
Spellcasting   | |  2.0
Translocations | |  2.4

Action                   || total
-------------------------++-------
Melee: Hand axe          ||    28
       Kick              ||     4
       Peck              ||     4
Throw: Boomerang         ||     7
  Use: Scroll            ||     5
Armor: Leather armour    ||    13
Dodge: Dodged            ||    22

Table legend:
 A = Non-vault XP
 B = Vault XP
 C = Vault XP percentage of total XP
 D = Non-vault monster count
 E = Vault monster count
 F = Vault count percentage of total count
                 A         B        C        D         E       F
            +---------+---------+-------+---------+---------+-------
      Total |      23 |       0 |   0.0 |      11 |       0 |   0.0
            +---------+---------+-------+---------+---------+-------
        D:1 |      23 |       0 |   0.0 |      11 |       0 |   0.0
            +---------+---------+-------+---------+---------+-------
